 Dungeon Crawl Stone Soup version 0.32-a0-938-g40ac7a0f4d (webtiles) character file.

Game seed: 1472264016891938888

177 ragingrage the Sneak (level 5, -4/27 HPs)
             Began as a Vine Stalker Delver on Apr 15, 2024.
             Killed from afar by Ijyb (21 damage)
             ... with a bolt of light
             ... on level 3 of the Dungeon.
             The game lasted 00:02:15 (2273 turns).

ragingrage the Sneak (Vine Stalker Delver)          Turns: 2273, Time: 00:02:16

Health: -4/27      AC:  5    Str: 17    XL:     5   Next: 57%
Magic:  0/6        EV: 10    Int: 10    God:
Gold:   165        SH:  0    Dex: 15    Spells: 4/4 levels left

rFire   . . .        a - +0 short sword
rCold   . . .        (no shield)
rNeg    . . .        f - +0 ring mail
rPois   .            (no helmet)
rElec   .            (no cloak)
rCorr   +            (no gloves)
SInv    .            (no boots)
Will    .....        (no amulet)
Stlth   +++          h - ring of resist corrosion
HPRegen 1.04/turn    (no ring)
MPRegen 0.10/turn

%: guardian spirit
@: no status effects
A: fangs 2, regeneration 1, magic shield, antimagic bite, no potion heal 2
a: no special abilities


You were on level 3 of the Dungeon.
You visited 1 branch of the dungeon, and saw 5 of its levels.

You collected 165 gold pieces.

Inventory:

Hand Weapons
 a - a +0 short sword (weapon)
Missiles
 p - 6 javelins (quivered)
Armour
 b - a +0 leather armour
 f - a +0 ring mail (worn)
 j - a +0 pair of gloves
 o - a +0 pair of boots
Jewellery
 h - a ring of resist corrosion (left hand)
Wands
 g - a wand of digging (3)
Scrolls
 c - a scroll of fog
 d - a scroll of revelation
 e - a scroll of fear
 k - a scroll of noise {unknown}
 l - a scroll of vulnerability {unknown}
Potions
 i - a potion of experience {unknown}
 m - a potion of curing {unknown}


   Skills:
 - Level 2.6 Fighting
 + Level 5.1 Short Blades
 - Level 1.5 Dodging
 - Level 6.0 Stealth


You had 4 spell levels left.
You didn't know any spells.
Your spell library contained the following spells:

 Spells                   Type           Power      Damage    Failure   Level
 Magic Dart               Conj           0%         1d3       56%         1
 Blink                    Tloc           0%         N/A       71%         2
 Call Imp                 Summ           0%         N/A       71%         2


Dungeon Overview and Level Annotations

Branches:
Dungeon (5/15)
 Temple: D:4-7

Altars:
Cheibriados
Okawaru

Annotations:
D:3 Ijyb, Jessica


Innate Abilities, Weirdness & Mutations

You have extremely sharp teeth.
Your natural rate of healing is unusually fast.
When hurt, damage is shared between your health and your magic reserves.
Your bite disrupts and absorbs the magic of your enemies.
Potions cannot restore your health.


Message History

There is a stone staircase leading down here.
You climb downwards.
There is a stone staircase leading up here.
Ijyb the Inquisitive comes into view.
She is wielding a +3 dagger of protection and carrying a wand of light.
An orc comes into view. It is wielding a +0 whip.
The orc shouts!
You hear a shout! x3
An orc comes into view. It is wielding a +0 club.
You hear a shout!
Ijyb shouts!
Jessica, 2 orcs and an orc wizard come into view.
Jessica is wielding a +0 dagger and wearing a +2 robe of cold resistance.
The orc shouts!
You hear a loud squeak.
A rat comes into view.
The orc throws a boomerang.
The boomerang hits you. The orc attacks as it pursues you!
The orc hits you but does no damage.
Ijyb screams, "Me wand stronger than you!"
The orc attacks as it pursues you! The orc misses you.
The orc attacks as it pursues you! The orc barely misses you.
Ijyb zaps a wand.
The bolt of light hits the orc!
The orc dies!
The bolt of light hits you.
Ijyb zaps a wand.
The bolt of light hits you!
You are confused.
You bump into the rock wall.
Ijyb zaps a wand.
The bolt of light hits you.
You are more confused.
You bump into the rock wall.
You bump into the rock wall.
You bump into the rock wall.
The orc wizard gestures wildly while chanting.
The orc wizard flickers and vanishes!
Deactivating autopickup; reactivate with Ctrl-A.
You feel less confused.
Ijyb zaps a wand.
The bolt of light hits you!!
Ouch! That really hurt!
You die...
Ijyb screams, "Time for next experiment!"

##### #...####
##.####.....@#
..........##.#
#######.####g#
.. #.# #.# .#
#.# #.# .# #.#
#.# #<# #o#
#.# #o# #.#
#.#


You could see Ijyb and 2 orcs.

Vanquished Creatures
  A hound (D:4)
  Terence (D:2)
  7 gnolls (D:2)
  An adder (D:2)
  A ribbon worm (D:2)
  An orc (D:3)
  4 ball pythons
  4 endoplasms
  A giant cockroach (D:2)
  A goblin (D:2)
  5 hobgoblins
  2 quokkas (D:2)
  7 bats
  A frilled lizard (D:2)
  6 kobolds
  3 rats
46 creatures vanquished.

Vanquished Creatures (others)
  An orc (D:3)
1 creature vanquished.

Grand Total: 47 creatures vanquished

Notes
Turn   | Place    | Note
-------+----------+-------------------------------------------
     0 | D:5      | ragingrage the Vine Stalker Delver began the quest for the
                  | Orb.
     0 | D:5      | Reached XP level 1. HP: 11/11 MP: 2/2
     4 | D:5      | Found an iron altar of Okawaru.
    17 | D:5      | Noticed a scorpion
    31 | D:4      | Noticed a hound
    38 | D:4      | Found a snail-covered altar of Cheibriados.
    54 | D:4      | Killed a hound
    55 | D:4      | Reached XP level 2. HP: 10/16 MP: 1/3
    55 | D:4      | Reached XP level 3. HP: 12/19 MP: 1/4
   656 | D:1      | Reached XP level 4. HP: 23/23 MP: 5/5
  1184 | D:1      | Found a faded altar of an unknown god.
  1801 | D:2      | Reached XP level 5. HP: 15/27 MP: 2/6
  1976 | D:2      | Noticed Terence
  2005 | D:2      | Killed Terence
  2006 | D:2      | Reached skill level 5 in Short Blades
  2255 | D:3      | Noticed Ijyb
  2257 | D:3      | Noticed Jessica
  2273 | D:3      | Killed from afar by Ijyb

Illustrated notes

Levels and vault maps discovered:
D:1:      roderic_octagonal_star, layout_basic, chequers_ecumenical_altar_grove
D:2:      layout_basic, grunt_ministairs_2, uniq_terence
D:3:      layout_loops_ring, minmay_misc_feat_iff, st_stairs_6, uniq_jessica,
          uniq_ijyb
D:4:      layout_gridville, cheibriados_altar_1,
          minmay_temple_entry_glassed_door
D:5:      layout_rooms, nicolae_overflow_hidden_temple,
          okawaru_ov_weapons_minmay, serial_shops, nicolae_shop_scrapyard,
          eino_curves_02, kennysheep_cross_bottleneck, uniq_sigmund

Skill      XL: |  1  2  3  4  5 |
---------------+----------------+-----
Short Blades   | 3 4 5 |  5.1
Fighting       | |  2.6
Dodging        | |  1.5
Stealth        | |  6.0

Action                     |  1- 3 |  4- 6 || total
---------------------------+-------+-------++-------
  Melee: Short sword       |    64 |   107 ||   171
         Bite              |    12 |    37 ||    49
  Throw: Javelin           |       |     6 ||     6
    Use: Potion            |     1 |     1 ||     2
   Stab: Sleeping          |     5 |     5 ||    10
 Armour: Leather armour    |    12 |       ||    12
         Ring mail         |    16 |    78 ||    94
  Dodge: Dodged            |    34 |    50 ||    84

Table legend: (Time is in decaauts)
 A = Elapsed time spent in this place.
 B = Non-inter-level travel time spent in this place.
 C = Inter-level travel time spent in this place.
 D = Time resting spent in this place.
 E = Time spent auto-exploring this place.
 F = Levels seen in this place.
 G = Mean time per level.
                   A        B        C        D        E       F      G
               +--------+--------+--------+--------+--------+-----+--------+
         Total |   2221 |   2086 |    135 |    103 |   1398 |   5 |  444.2 |
       Dungeon |   2221 |   2086 |    135 |    103 |   1398 |   5 |  444.2 |
               +--------+--------+--------+--------+--------+-----+--------+

Top non-repeatable levels by time:
     D:2: 1127 daAuts
     D:1: 930 daAuts
     D:3: 103 daAuts
     D:4: 30 daAuts
     D:5: 30 daAuts
